[Event "45th Olympiad 2024"]
[Site "Budapest HUN"]
[Date "2024.09.18"]
[Round "7.12"]
[White "Zhalmakhanov, Ramazan"]
[Black "Muradli, Mahammad"]
[Result "0-1"]
[WhiteElo "2497"]
[BlackElo "2576"]
[ECO "B90"]
[Opening "Sicilian"]
[Variation "Najdorf, Adams attack"]
[TimeControl "40/5400+30:1800+30"]
[EventDate "2024.09.11"]
[Board "4"]
[WhiteFideId "13706357"]
[BlackFideId "13409301"]
[WhiteTeam "Kazakhstan"]
[BlackTeam "Azerbaijan"]

1. e4 c5 2. Nf3 d6 3. d4 cxd4 4. Nxd4 Nf6 5. Nc3 a6 6. h3 e5 7. Nb3 Be7 8.
g4 h6 9. Be3 b5 10. Nd5 Bb7 11. Bb6 Qc8 12. Nc7+ Kf8 13. f3 Nbd7 14. Nxa8
d5 15. exd5 Nxd5 16. Bf2 Qxa8 17. Rg1 g6 18. c3 Kg7 19. Na5 Rd8 20. Nxb7
Qxb7 21. Qc2 b4 22. O-O-O bxc3 23. Bc4 cxb2+ 24. Kb1 N7f6 25. Qb3 Qc6 26.
Bg3 e4 27. Be5 Nb6 28. Bxf7 exf3 29. Rxd8 Bxd8 30. Bxb2 Qe4+ 31. Ka1 Na4
32. Bd5 f2 33. Rc1 Qe1 34. Bc4 Nxb2 35. Qxb2 Bc7 36. Kb1 Qe4+ 37. Qc2 Qf4
38. Rd1 Be5 39. Qb3 h5 40. gxh5 Nxh5 41. Bd3 Ng3 42. Qc4 Qf3 43. Kc2 a5 44.
Qe6 Bf6 45. Qg4 Qc6+ 46. Qc4 Qd6 47. Qg4 Qc5+ 48. Qc4 Qe5 49. Rb1 Kh6 50.
Rb5 Qe3 51. Rb1 a4 52. Qf7 Ne4 53. Qf8+ Kh5 54. Qb4 Bc3 55. Qb5+ Kh6 56.
Rd1 Bf6 57. Qc4 Nc5 58. Bf1 Ne6 59. Bd3 Qe5 60. Kd2 Bg5+ 61. Kc2 Nd4+ 62.
Kb1 Qb8+ 63. Ka1 Nc2+ 0-1

[Event "45th Olympiad 2024"]
[Site "Budapest HUN"]
[Date "2024.09.18"]
[Round "7.13"]
[White "Shirov, Alexei"]
[Black "Neiksans, Arturs"]
[Result "1/2-1/2"]
[WhiteElo "2666"]
[BlackElo "2571"]
[ECO "A88"]
[Opening "Dutch"]
[Variation "Leningrad, main variation with c6"]
[TimeControl "40/5400+30:1800+30"]
[EventDate "2024.09.11"]
[Board "1"]
[WhiteFideId "2209390"]
[BlackFideId "11601388"]
[WhiteTeam "Spain"]
[BlackTeam "Latvia"]

1. d4 f5 2. g3 Nf6 3. Bg2 g6 4. Nf3 Bg7 5. c4 O-O 6. Nc3 d6 7. O-O c6 8. d5
e5 9. dxe6 Bxe6 10. b3 Na6 11. Bf4 Nh5 12. Bg5 Qa5 13. Qxd6 Rae8 14. Na4
Bxa1 15. Rxa1 Bxc4 16. bxc4 Qxa4 17. Rb1 Rf7 18. Ne5 Qxa2 19. Rd1 Rc7 20.
Bh6 Ng7 21. Nd7 Qxe2 22. Nf6+ Kf7 23. Bxg7 Kxg7 24. Bf1 Qe7 25. Nxe8+ Qxe8
26. Qd4+ Kh6 27. Qh4+ Kg7 28. Qd4+ Kh6 29. c5 Qe7 30. Bxa6 bxa6 31. Qf4+
Kg7 32. h4 Rd7 33. Rd6 Rxd6 34. cxd6 Qd7 35. Qd4+ Kf7 36. Qc4+ Kf6 37. Qxa6
Qxd6 38. Qxa7 h5 39. Qa1+ Kf7 40. Qa2+ Ke7 41. Qa7+ Kf6 42. Qa1+ Qe5 43.
Qa8 Qd6 1/2-1/2

[Event "45th Olympiad 2024"]
[Site "Budapest HUN"]
[Date "2024.09.18"]
[Round "7.13"]
[White "Meshkovs, Nikita"]
[Black "Anton Guijarro, David"]
[Result "1/2-1/2"]
[WhiteElo "2534"]
[BlackElo "2665"]
[ECO "E11"]
[Opening "Bogo-Indian defence"]
[TimeControl "40/5400+30:1800+30"]
[EventDate "2024.09.11"]
[Board "2"]
[WhiteFideId "11602740"]
[BlackFideId "2285525"]
[WhiteTeam "Latvia"]
[BlackTeam "Spain"]

1. Nf3 Nf6 2. d4 e6 3. c4 Bb4+ 4. Bd2 c5 5. Bxb4 cxb4 6. Nbd2 O-O 7. g3 b6
8. Bg2 Bb7 9. O-O a5 10. Rc1 d6 11. Re1 Qc7 12. e4 e5 13. Nh4 Nc6 14. Ndf3
g6 15. Qd2 Qe7 16. Qg5 Nd7 17. Qxe7 Nxe7 18. Bh3 Rfd8 19. Rcd1 Nf6 20. dxe5
dxe5 21. Nxe5 Bxe4 22. Nd7 Kg7 23. Rd6 Bc6 24. Rxe7 Bxd7 25. Bxd7 Kf8 26.
Re2 Nxd7 27. Nf3 Rab8 28. Red2 Ke7 29. Rc6 Rdc8 30. Nd4 Nc5 31. Re2+ Kf8
32. Rf6 Kg7 33. Rd6 Rd8 34. Nb5 Rxd6 35. Nxd6 Rd8 36. Ne8+ Kf8 37. Nf6 h5
38. Nd5 b5 39. Ne3 bxc4 40. Nxc4 Rd1+ 41. Kg2 a4 42. Nb6 Ra1 43. Nd5 b3 44.
axb3 axb3 45. Kf3 g5 46. Ke3 Rc1 47. f4 g4 48. Kd2 Rc2+ 49. Ke3 Rc1 50. Kd4
Na4 51. Ne3 Kg7 52. Rd2 Kg6 53. Rd3 Rc2 54. Rxb3 Rd2+ 55. Rd3 Rxb2 56. Ra3
Rd2+ 57. Kc4 Nb2+ 58. Kc3 Rxh2 59. Ra6+ f6 60. f5+ Kg5 61. Ra8 Rf2 62. Rg8+
Kh6 63. Rh8+ Kg5 64. Rg8+ Kh6 65. Rh8+ Kg5 66. Rg8+ Kh6 67. Rh8+ 1/2-1/2

[Event "45th Olympiad 2024"]
[Site "Budapest HUN"]
[Date "2024.09.18"]
[Round "7.13"]
[White "Vallejo Pons, Francisco"]
[Black "Kantans, Toms"]
[Result "1/2-1/2"]
[WhiteElo "2657"]
[BlackElo "2486"]
[ECO "B40"]
[Opening "Sicilian defence"]
[TimeControl "40/5400+30:1800+30"]
[EventDate "2024.09.11"]
[Board "3"]
[WhiteFideId "2205530"]
[BlackFideId "11602945"]
[WhiteTeam "Spain"]
[BlackTeam "Latvia"]

1. e4 c5 2. Nf3 e6 3. b3 Nc6 4. Bb2 a6 5. g3 d5 6. exd5 exd5 7. Qe2+ Qe7 8.
Qxe7+ Ngxe7 9. Bg2 Bf5 10. d3 O-O-O 11. O-O f6 12. Nbd2 Ng6 13. h4 h5 14.
d4 Kc7 15. a3 cxd4 16. Nxd4 Nxd4 17. Bxd4 Ne5 18. Bxe5+ fxe5 19. Rfe1 Bc5
20. b4 Ba7 21. Rxe5 Rhf8 22. Rf1 Bxc2 23. Rc1 Rxf2 24. Rxc2+ Kd6 25. Rxd5+
Ke6 26. Rxd8 Rxd2+ 27. Kf1 Rxc2 28. Bxb7 Rc3 29. Ra8 Bd4 30. Rxa6+ Kf5 31.
Kg2 Be5 32. Bf3 Rc2+ 33. Kh3 Rc3 34. Kg2 Rc2+ 35. Kf1 Bxg3 36. Bxh5 Rf2+
37. Ke1 Bxh4 38. Bg6+ Ke5 39. Kd1 Kd4 40. Rd6+ Kc4 41. Rd7 Bf6 42. Rc7+ Kb3
43. b5 Kxa3 44. b6 Be5 45. Rc5 Bh2 46. b7 Rb2 47. Be4 Rb4 48. Bd5 Rb6 49.
Kc2 Bd6 50. Rc8 Kb4 51. Kd3 g5 52. Kd4 Bf4 53. Rc2 Kb5 54. Ra2 Kb4 55. Rb2+
Ka5 56. Rc2 Rb4+ 57. Kd3 Ka6 58. Kc3 Rxb7 59. Bxb7+ Kxb7 60. Kd4 Kb6 61.
Kd5 Kb7 62. Rc6 g4 63. Rc4 Be3 64. Rxg4 Ba7 65. Rg7+ Ka8 66. Kc6 Bf2 67.
Kc7 Be3 68. Rf7 Bd4 69. Rf5 Be3 70. Rf3 Bd4 71. Ra3+ Ba7 72. Rb3 Bf2 73.
Rd3 Bg1 74. Rd8+ Ka7 75. Rd1 Bb6+ 76. Kc6 Bf2 77. Ra1+ Kb8 78. Rb1+ Ka8 79.
Ra1+ Kb8 80. Ra8+ 1/2-1/2

[Event "45th Olympiad 2024"]
[Site "Budapest HUN"]
[Date "2024.09.18"]
[Round "7.13"]
[White "Miezis, Normunds"]
[Black "Santos Latasa, Jaime"]
[Result "0-1"]
[WhiteElo "2417"]
[BlackElo "2624"]
[ECO "A29"]
[Opening "English"]
[Variation "four knights, kingside fianchetto"]
[TimeControl "40/5400+30:1800+30"]
[EventDate "2024.09.11"]
[Board "4"]
[WhiteFideId "11600136"]
[BlackFideId "2293307"]
[WhiteTeam "Latvia"]
[BlackTeam "Spain"]

1. c4 e5 2. Nc3 Nf6 3. Nf3 Nc6 4. g3 d5 5. cxd5 Nxd5 6. Bg2 Nb6 7. O-O Be7
8. a3 O-O 9. b4 Be6 10. Rb1 f6 11. d3 a5 12. b5 Nd4 13. Nd2 Qc8 14. e3 Nf5
15. Nde4 a4 16. f4 exf4 17. Rxf4 Rd8 18. Qc2 Nh6 19. d4 Nf7 20. Nc5 Bxc5
21. dxc5 Nc4 22. Rb4 Nce5 23. Rbd4 Bb3 24. Qe2 c6 25. bxc6 bxc6 26. Bb2 Ng5
27. Rxd8+ Qxd8 28. Rd4 Qf8 29. Rd6 Ngf7 30. Bxc6 Nxc6 31. Rxc6 Ne5 32. Rd6
Nc4 33. Rd7 Qxc5 34. Nd5 Nxb2 35. Qg4 Qc1+ 36. Kg2 Bxd5+ 37. Rxd5 Qc6 38.
e4 Nc4 39. Kh3 Ne3 40. Qd7 Qxd7+ 41. Rxd7 Ra5 0-1

[Event "45th Olympiad 2024"]
[Site "Budapest HUN"]
[Date "2024.09.18"]
[Round "7.14"]
[White "Garcia Pantoja, Roberto"]
[Black "Navara, David"]
[Result "1/2-1/2"]
[WhiteElo "2550"]
[BlackElo "2681"]
[ECO "B13"]
[Opening "Caro-Kann"]
[Variation "exchange, Rubinstein variation"]
[TimeControl "40/5400+30:1800+30"]
[EventDate "2024.09.11"]
[Board "1"]
[WhiteFideId "3509265"]
[BlackFideId "309095"]
[WhiteTeam "Colombia"]
[BlackTeam "Czech Republic"]

1. e4 c6 2. d4 d5 3. exd5 cxd5 4. Bd3 Nc6 5. c3 Nf6 6. Bf4 Bg4 7. Nf3 e6 8.
h3 Bxf3 9. Qxf3 Bd6 10. Bxd6 Qxd6 11. O-O O-O 12. Re1 Rad8 13. Qe3 Rfe8 14.
f4 Nh5 15. Rf1 g6 16. Nd2 f6 17. g4 Ng7 18. Nf3 e5 19. fxe5 fxe5 20. Nxe5
Nxe5 21. dxe5 Qxe5 22. Qxe5 Rxe5 23. Rfe1 Rde8 24. Rxe5 Rxe5 25. Kf2 g5 26.
h4 gxh4 27. Rh1 h5 28. Rxh4 Kf7 29. gxh5 Rxh5 30. Rxh5 Nxh5 31. Ke3 Ke6
1/2-1/2

[Event "45th Olympiad 2024"]
[Site "Budapest HUN"]
[Date "2024.09.18"]
[Round "7.14"]
[White "Nguyen, Thai Dai Van"]
[Black "Cardoso Cardoso, Jose Gabriel"]
[Result "1-0"]
[WhiteElo "2647"]
[BlackElo "2508"]
[ECO "B92"]
[Opening "Sicilian"]
[Variation "Najdorf, Opovcensky variation"]
[TimeControl "40/5400+30:1800+30"]
[EventDate "2024.09.11"]
[Board "2"]
[WhiteFideId "358878"]
[BlackFideId "4430492"]
[WhiteTeam "Czech Republic"]
[BlackTeam "Colombia"]

1. e4 c5 2. Nf3 d6 3. d4 cxd4 4. Nxd4 Nf6 5. Nc3 a6 6. Be2 e5 7. Nb3 Be7 8.
Be3 Be6 9. f4 Qc7 10. f5 Bc4 11. g4 h6 12. Bxc4 Qxc4 13. Qf3 b5 14. a3 Nbd7
15. h4 d5 16. Nd2 Qc8 17. Nxd5 Qxc2 18. Nxe7 Kxe7 19. Ke2 Rac8 20. g5 Ne8
21. Rac1 Qxc1 22. Rxc1 Rxc1 23. gxh6 gxh6 24. Nb3 Rc2+ 25. Bd2 Nd6 26. Kd1
Rc4 27. Bb4 Rd8 28. Na5 Rd4+ 29. Ke1 Rc8 30. Nb3 Rxb4 31. axb4 Rc4 32. Nd2
Rxb4 33. b3 Rd4 34. h5 a5 35. Qe3 a4 36. bxa4 bxa4 37. Qxh6 Nxe4 38. Nxe4
Rxe4+ 39. Kd2 Nf6 40. Kc2 Re2+ 41. Kd1 Re4 42. Qg5 a3 43. Kc2 Re2+ 44. Kb1
Rb2+ 45. Ka1 Rf2 46. h6 Rh2 47. Qe3 Kd7 48. Qa7+ Kd6 49. Qxf7 Nd5 50. h7
1-0

[Event "45th Olympiad 2024"]
[Site "Budapest HUN"]
[Date "2024.09.18"]
[Round "7.14"]
[White "Vykouk, Jan"]
[Black "Valderrama Quiceno, Esteban Alb"]
[Result "1-0"]
[WhiteElo "2483"]
[BlackElo "2418"]
[ECO "B11"]
[Opening "Caro-Kann"]
[Variation "two knights, 3...Bg4"]
[TimeControl "40/5400+30:1800+30"]
[EventDate "2024.09.11"]
[Board "4"]
[WhiteFideId "349658"]
[BlackFideId "4442024"]
[WhiteTeam "Czech Republic"]
[BlackTeam "Colombia"]

1. e4 c6 2. Nf3 d5 3. Nc3 Bg4 4. h3 Bxf3 5. Qxf3 e6 6. Be2 Nf6 7. O-O Nbd7
8. d4 dxe4 9. Nxe4 Nxe4 10. Qxe4 Be7 11. c4 O-O 12. Be3 Nf6 13. Qc2 Rc8 14.
Rfd1 b5 15. b3 Qa5 16. a4 bxc4 17. bxc4 Rfd8 18. Rab1 Rd7 19. Bf3 h6 20. g3
Qa6 21. Rb2 Ba3 22. Rb3 Bf8 23. Rdb1 Ne8 24. g4 Rdd8 25. Qc3 Be7 26. Bg2
Bf6 27. c5 Rc7 28. Rb8 Rcc8 29. R8b7 Rc7 30. Rb8 Rcc8 31. R8b3 Rc7 32. Bf1
Qc8 33. Rb8 Qd7 34. Rxd8 Qxd8 35. Bf4 Rc8 36. Ba6 Bxd4 37. Qf3 e5 38. Bxc8
Qxc8 39. Be3 Nf6 40. Bxd4 exd4 41. Qf4 Nd7 42. Qxd4 h5 43. Qd6 hxg4 44.
hxg4 Nf8 45. f3 Nd7 46. a5 Kh7 47. Kf2 Nf6 48. Rh1+ Kg6 49. Qd3+ Kg5 50.
f4+ Kxf4 51. Qe3+ 1-0

[Event "45th Olympiad 2024"]
[Site "Budapest HUN"]
[Date "2024.09.18"]
[Round "7.15"]
[White "Rodshtein, Maxim"]
[Black "Stefansson, Vignir Vatnar"]
[Result "1-0"]
[WhiteElo "2600"]
[BlackElo "2531"]
[ECO "D35"]
[Opening "QGD"]
[Variation "exchange variation"]
[TimeControl "40/5400+30:1800+30"]
[EventDate "2024.09.11"]
[Board "1"]
[WhiteFideId "2806851"]
[BlackFideId "2308649"]
[WhiteTeam "Israel"]
[BlackTeam "Iceland"]

1. c4 e6 2. Nc3 d5 3. d4 Nf6 4. cxd5 Nxd5 5. e4 Nxc3 6. bxc3 c5 7. Rb1 Be7
8. Nf3 O-O 9. h4 b6 10. h5 h6 11. Rh3 cxd4 12. cxd4 Bb7 13. Rg3 Kh8 14. Bd3
Nc6 15. Qd2 Rg8 16. Kf1 Rc8 17. d5 exd5 18. exd5 Nb8 19. Ne5 Bxd5 20. Qf4
Nd7 21. Bb2 Nf6 22. Qf5 Qe8 23. Rg6 fxg6 24. Nxg6+ Qxg6 25. Qxg6 Bc4 26.
Bxc4 Rxc4 27. Re1 Bd8 28. Rd1 Rb4 29. Bc3 Rc4 30. Rd3 Rc5 31. f4 Rc6 32. g4
Rc4 33. Be5 Bc7 34. Rc3 Rxc3 35. Bxc3 Rf8 36. g5 Bd8 1-0

[Event "45th Olympiad 2024"]
[Site "Budapest HUN"]
[Date "2024.09.18"]
[Round "7.15"]
[White "Kjartansson, Gudmundur"]
[Black "Gorshtein, Ido"]
[Result "1/2-1/2"]
[WhiteElo "2478"]
[BlackElo "2543"]
[ECO "E10"]
[Opening "Queen's pawn game"]
[TimeControl "40/5400+30:1800+30"]
[EventDate "2024.09.11"]
[Board "2"]
[WhiteFideId "2301318"]
[BlackFideId "2815532"]
[WhiteTeam "Iceland"]
[BlackTeam "Israel"]

1. d4 Nf6 2. c4 e6 3. Nf3 d5 4. g3 Bb4+ 5. Bd2 Be7 6. Bg2 O-O 7. O-O c6 8.
Qc2 b6 9. Bf4 Bb7 10. Rd1 Nbd7 11. Nc3 Rc8 12. b3 c5 13. cxd5 Nxd5 14. Nxd5
Bxd5 15. e4 cxd4 16. Qe2 Bb7 17. Nxd4 Qe8 18. Nb5 Ba6 19. Bf1 e5 20. Be3
Nc5 21. Qc4 Bxb5 22. Qxb5 Nxe4 23. Qxe5 Bf6 24. Qxe8 Rfxe8 25. Rac1 Nc3 26.
Rd7 Rxe3 27. fxe3 Ne2+ 28. Bxe2 Rxc1+ 29. Kf2 a5 30. Rb7 Kf8 31. Rxb6 Rc7
32. Bc4 Bc3 33. Ke2 Rd7 34. a3 g6 35. h4 h5 36. b4 axb4 37. axb4 Re7 38.
Bd5 Bd4 39. Rb7 Rxe3+ 40. Kd2 Re7 41. Rxe7 Kxe7 42. Ke2 f5 43. Kf3 Kf6 44.
b5 Bb6 45. Bc4 Bc7 46. Bd5 Bb6 47. Bc4 1/2-1/2

[Event "45th Olympiad 2024"]
[Site "Budapest HUN"]
[Date "2024.09.18"]
[Round "7.15"]
[White "Nabaty, Tamir"]
[Black "Stefansson, Hannes"]
[Result "1-0"]
[WhiteElo "2630"]
[BlackElo "2471"]
[ECO "E10"]
[Opening "Queen's pawn game"]
[TimeControl "40/5400+30:1800+30"]
[EventDate "2024.09.11"]
[Board "3"]
[WhiteFideId "2809052"]
[BlackFideId "2300087"]
[WhiteTeam "Israel"]
[BlackTeam "Iceland"]

1. d4 Nf6 2. c4 e6 3. Nf3 d5 4. e3 Bd6 5. c5 Be7 6. b4 O-O 7. Bb2 b6 8.
Nbd2 a5 9. a3 c6 10. Be2 Ba6 11. O-O Qc8 12. cxb6 Nbd7 13. bxa5 Bxe2 14.
Qxe2 Rxa5 15. Bc3 Rxa3 16. Rxa3 Bxa3 17. Ra1 Bd6 18. Qa6 Qxa6 19. Rxa6 Rb8
20. Ba5 Kf8 21. Nb3 Ne4 22. Ne5 Nxe5 23. dxe5 Nc5 24. Bb4 Nxa6 25. Bxd6+
Ke8 26. Bxb8 Nxb8 27. Nc5 Nd7 28. b7 Nb8 29. Kf1 Kd8 30. Ke2 Kc7 31. Kd3
Kb6 32. Kd4 g6 33. g4 Kb5 34. h4 h6 35. h5 gxh5 36. gxh5 Ka5 37. f4 Kb6 38.
e4 dxe4 39. Nxe4 c5+ 40. Kc4 Kxb7 41. Nd6+ Kc6 42. Nxf7 1-0

[Event "45th Olympiad 2024"]
[Site "Budapest HUN"]
[Date "2024.09.18"]
[Round "7.15"]
[White "Gretarsson, Helgi Ass"]
[Black "Postny, Evgeny"]
[Result "1/2-1/2"]
[WhiteElo "2450"]
[BlackElo "2577"]
[ECO "D31"]
[Opening "QGD"]
[Variation "Charousek (Petrosian) variation"]
[TimeControl "40/5400+30:1800+30"]
[EventDate "2024.09.11"]
[Board "4"]
[WhiteFideId "2300699"]
[BlackFideId "2804344"]
[WhiteTeam "Iceland"]
[BlackTeam "Israel"]

1. c4 e6 2. Nc3 d5 3. d4 Be7 4. cxd5 exd5 5. Bf4 c6 6. e3 Bf5 7. g4 Be6 8.
Qb3 Qb6 9. f3 Qxb3 10. axb3 Nd7 11. h4 Ngf6 12. Bd3 O-O 13. Nge2 h5 14. g5
Ne8 15. Bh2 g6 16. Nf4 Ng7 17. Kd2 Rfe8 18. Nxe6 Nxe6 19. f4 Ndf8 20. f5
gxf5 21. Bxf5 Ng6 22. Bg3 a6 23. Ne2 Bf8 24. Raf1 Bg7 25. Bf2 c5 26. Ng3
cxd4 27. Nxh5 dxe3+ 28. Bxe3 d4 29. Bg1 Rad8 30. Rh3 Rd5 31. Be4 Re5 32.
Bd3 b5 33. Nxg7 Kxg7 34. Rhf3 Nxh4 35. Rxf7+ Kg8 36. Bh7+ Kh8 37. g6 Rg5
38. R7f6 Kg7 39. Rf7+ Kh6 40. Bf2 Nxg6 41. Rh1+ Rh5 42. Rxh5+ Kxh5 43. Rf5+
Kh6 44. Bxg6 Kxg6 45. Re5 Kf7 46. Rf5+ Ke7 47. Rd5 Rh8 48. Bxd4 Rh2+ 49.
Kc1 Nf4 50. Bc5+ Ke6 51. Rd6+ Ke5 52. b4 Rg2 53. Kb1 Rg6 54. Rd2 Ke4 55.
Rd4+ Kf5 56. Rd2 Re6 57. Ka2 Ke4 58. Kb3 Rg6 59. Rd4+ Ke5 60. Rd2 Ke4 61.
Rd4+ Kf5 62. Rd2 Rg3+ 63. Ka2 Nd3 64. Kb1 Ne5 65. Rd6 Rg6 66. Rd2 Nc4 67.
Re2 Re6 68. Rf2+ Ke4 69. Kc2 Rg6 70. Rh2 Ne5 71. Rh4+ Rg4 72. Rh2 Rg6 73.
Rh4+ Kd5 74. Rd4+ Kc6 75. Re4 Nd7 76. Bd4 Kd5 77. Rh4 Nb8 78. Bc3 Nc6 79.
Rh3 Rg2+ 80. Kb3 Rg5 81. Kc2 Rf5 82. Kb3 Rg5 1/2-1/2

[Event "45th Olympiad 2024"]
[Site "Budapest HUN"]
[Date "2024.09.18"]
[Round "7.16"]
[White "Vasquez Schroeder, Rodrigo"]
[Black "Erdogmus, Yagiz Kaan"]
[Result "0-1"]
[WhiteElo "2457"]
[BlackElo "2592"]
[ECO "C88"]
[Opening "Ruy Lopez"]
[Variation "closed, anti-Marshall 8.a4"]
[TimeControl "40/5400+30:1800+30"]
[EventDate "2024.09.11"]
[Board "2"]
[WhiteFideId "3400042"]
[BlackFideId "44599790"]
[WhiteTeam "Chile"]
[BlackTeam "Turkiye"]

1. e4 e5 2. Nf3 Nc6 3. Bb5 a6 4. Ba4 Nf6 5. O-O Be7 6. Re1 b5 7. Bb3 O-O 8.
a4 Bb7 9. d3 d6 10. Bd2 Qd7 11. Nc3 Na5 12. Ba2 c5 13. Bg5 b4 14. Bxf6 Bxf6
15. Nd5 Bd8 16. Ne3 b3 17. Bxb3 Nxb3 18. cxb3 Ba5 19. Rf1 Rab8 20. Nd2 g6
21. Ndc4 Bc7 22. Nd5 Bxd5 23. exd5 f5 24. f4 exf4 25. Rxf4 Qf7 26. Qf3 g5
27. Qg3 Qg6 28. Rf2 f4 29. Qf3 Rbe8 30. Raf1 Bd8 31. g4 Re7 32. Re2 Rxe2
33. Qxe2 Re8 34. Qf3 Bf6 35. Kg2 Bd4 36. h4 h6 37. hxg5 hxg5 38. Rh1 Re7
39. Kf1 Qe8 40. Qd1 f3 41. Qd2 f2 42. Kg2 f1=Q+ 43. Kxf1 Qf7+ 0-1

[Event "45th Olympiad 2024"]
[Site "Budapest HUN"]
[Date "2024.09.18"]
[Round "7.16"]
[White "Sanal, Vahap"]
[Black "Lopez Silva, Hugo"]
[Result "1-0"]
[WhiteElo "2581"]
[BlackElo "2379"]
[ECO "A48"]
[Opening "King's Indian"]
[Variation "London system"]
[TimeControl "40/5400+30:1800+30"]
[EventDate "2024.09.11"]
[Board "3"]
[WhiteFideId "6300545"]
[BlackFideId "3403874"]
[WhiteTeam "Turkiye"]
[BlackTeam "Chile"]

1. d4 Nf6 2. Nf3 g6 3. Bf4 Bg7 4. e3 O-O 5. Be2 d6 6. h3 b6 7. O-O Bb7 8.
c4 Nbd7 9. Nc3 Ne4 10. Qc2 Nxc3 11. bxc3 e5 12. Bh2 Qe7 13. a4 a5 14. Rae1
Kh8 15. Nd2 f5 16. Bf3 e4 17. Be2 Rae8 18. Kh1 Bh6 19. Bd1 f4 20. exf4 Bxf4
21. Bxf4 Rxf4 22. Kg1 Rff8 23. Bf3 Nf6 24. d5 c6 25. Nxe4 cxd5 26. Nxf6
Qxf6 27. Qb2 Ba6 28. Bxd5 Rc8 29. Re6 Qf5 30. Qxb6 Bxc4 31. Qd4+ 1-0

[Event "45th Olympiad 2024"]
[Site "Budapest HUN"]
[Date "2024.09.18"]
[Round "7.16"]
[White "Marrujo Pardo, Mauricio Emmanuel"]
[Black "Can, Emre"]
[Result "0-1"]
[WhiteElo "2332"]
[BlackElo "2547"]
[ECO "B90"]
[Opening "Sicilian"]
[Variation "Najdorf, Byrne (English) attack"]
[TimeControl "40/5400+30:1800+30"]
[EventDate "2024.09.11"]
[Board "4"]
[WhiteFideId "3943755"]
[BlackFideId "6302181"]
[WhiteTeam "Chile"]
[BlackTeam "Turkiye"]

1. e4 c5 2. Nf3 d6 3. d4 cxd4 4. Nxd4 Nf6 5. Nc3 a6 6. Be3 e5 7. Nb3 Be6 8.
h3 Be7 9. Qf3 O-O 10. g4 b5 11. O-O-O b4 12. Nd5 Nxd5 13. exd5 Bd7 14. Bd3
Bb5 15. h4 Nd7 16. h5 Bxd3 17. Rxd3 h6 18. Qf5 Rc8 19. Kb1 a5 20. Nd2 Qc7
21. Rc1 Nf6 22. c4 Qd7 23. Qxd7 Nxd7 24. Ne4 f5 25. gxf5 Rxf5 26. c5 dxc5
27. d6 Bd8 28. Rd5 Kf7 29. Nxc5 Nxc5 30. d7 Rc6 31. Bxc5 Rxh5 32. f4 Rf5
33. fxe5 Ke6 34. Rcd1 Rxe5 35. Rxe5+ Kxe5 36. Re1+ Kf6 37. Bf8 Kf7 38. Re8
Bg5 39. b3 Rc1+ 40. Kb2 Rd1 41. Ra8 Rxd7 42. Bc5 Bd8 43. a3 bxa3+ 44. Kxa3
h5 45. b4 axb4+ 46. Kxb4 Be7 47. Bxe7 Rxe7 48. Kc3 Kf6 49. Kd2 h4 50. Ra5
g5 0-1